 Dungeon Crawl Stone Soup version 0.27-a0-1529-g1e82c303ef (webtiles) character file.

Game seed: 2409618494550071009

142496 freelancePsychic the Eclecticist (level 17, 0/124 (130) HPs)
             Began as a Djinni Warper on July 11, 2021.
             Was the Champion of Ru.
             Slain by a deep elf death mage (11 damage)
             ... on level 3 of the Elven Halls on July 12, 2021.
             The game lasted 01:31:00 (31892 turns).

freelancePsychic the Eclecticist (Djinni Warper)   Turns: 31892, Time: 01:31:01

HP:   0/124 (130)   AC: 12    Str: 16      XL:     17   Next: 97%
Gold: 2439          EV: 23    Int: 24 (26) God:    Ru [******] SH:  0 Dex: 21

rFire    + + .     SeeInvis +   a - +3 quick blade (flame)
rCold    + + .     Faith    .   (shield unavailable)
rNeg     + . .     Spirit   .   T - +4 skin of Zhor {*Englaciate rC+++ SInv}
rPois    ∞         Reflect  .   M - +0 helmet
rElec    .         Harm     .   v - +1 cloak "Nulinneddiu" {rN+ Will+ Dex+4}
rCorr    .         Rampage  .   n - +2 pair of gloves {Stlth+}
Will     +++..                  (boots unavailable)
Stlth    ++++++....             K - amulet of regeneration
HPRegen  1.30/turn              (ring unavailable)
MPRegen  0.00/turn              l - ring "Sousk" {Drain Str+6 Int+6 Dex+2 Stlth+}

@: exhausted, about to teleport, unable to drink, flying, very slightly
contaminated, studying Short Blades, lightly drained, invisible
A: no potions, sickness immunity, fire resistance 2, no potion heal 2, cold
vulnerability 1, inability to drink while threatened, missing a hand, inability
to train armour, float, innate caster, hp casting, extra vitality 1,
strong-willed 1
a: Renounce Religion, Draw Out Power, Power Leap, Apocalypse


You were on level 3 of the Elven Halls.
You worshipped Ru.
Ru was exalted by your worship.
You visited 5 branches of the dungeon, and saw 27 of its levels.
You also visited: Sewer, Ice Cave and Volcano.

You collected 3709 gold pieces.
You spent 1270 gold pieces at shops.

Inventory:

Hand Weapons
 a - a +3 quick blade of flaming (weapon)
 b - the +7 hand axe of the Skies Above {freeze, rC+++ Dex+4}
   (You found it on level 4 of the Dungeon)

   It has been specially enchanted to freeze those struck by it, causing extra
   injury to most foes and up to half again as much damage against particularly
   susceptible opponents.
   It can also slow down cold-blooded creatures.
   Dex:       It affects your dexterity (+4).
   rC:        It renders you almost immune to cold.
Missiles
 d - 2 boomerangs of dispersal
 i - 10 javelins
 C - 9 curare-tipped darts
 I - 16 boomerangs
Armour
 g - a +0 troll leather armour
 n - a +2 pair of gloves of stealth (worn)
 v - the +1 cloak "Nulinneddiu" (worn) {rN+ Will+ Dex+4}
   (You bought it in a shop on level 2 of the Orcish Mines)

   Dex:       It affects your dexterity (+4).
   rN:        It protects you from negative energy.
   Will:      It increases your willpower.
 z - the +2 robe of the King of the Hill {rElec rF+ Int+4}
   (You found it on level 6 of the Dungeon)

   Int:       It affects your intelligence (+4).
   rF:        It protects you from fire.
   rElec:     It insulates you from electricity.
 M - a +0 helmet (worn)
 T - the +4 skin of Zhor (worn) {*Englaciate rC+++ SInv}
   (You found it in an ice cave)

   rC:        It renders you almost immune to cold.
   SInv:      It lets you see invisible.
Jewellery
 j - a ring of poison resistance
 k - a ring of fire
 l - the ring "Sousk" (right hand) {Drain Str+6 Int+6 Dex+2 Stlth+}
   (You acquired it on level 6 of the Dungeon)

   [ring of strength]

   Str:       It affects your strength (+6).
   Int:       It affects your intelligence (+6).
   Dex:       It affects your dexterity (+2).
   Drain:     It drains your maximum health when unequipped.
   Stlth:     It makes you more stealthy.
 m - a +6 ring of dexterity
 r - a ring of willpower
 s - a ring of resist corrosion
 J - a ring of protection from cold
 K - an amulet of regeneration (around neck)
 L - a ring of ice
 P - an amulet of guardian spirit
 Q - a +4 ring of slaying
 U - the ring of the Mage {Wiz Will++ Int+3}
   (You found it in an ice cave)

   [ring of wizardry]

   It improves your spell success rate.
   Int:       It affects your intelligence (+3).
   Will:      It greatly increases your willpower.
Wands
 c - a wand of acid (14)
 p - a wand of flame (55)
 t - a wand of iceblast (37)
 y - a wand of paralysis (13)
 H - a wand of polymorph (11)
Scrolls
 q - 8 scrolls of teleportation {@r4}
 w - 3 scrolls of vulnerability
 A - 3 scrolls of fog
 D - 2 scrolls of enchant armour
 F - a scroll of silence
 O - 3 scrolls of fear
 S - 3 scrolls of blinking
 V - a scroll of summoning
 W - 2 scrolls of immolation
 X - a scroll of enchant weapon
 Y - a scroll of holy word
Potions
 e - 6 potions of lignification
 f - 10 potions of brilliance
 h - 3 potions of cancellation
 o - 5 potions of haste {@q3}
 u - 3 potions of attraction
 x - 6 potions of curing {@q1}
 B - a potion of might
 E - a potion of berserk rage
 G - 2 potions of invisibility {unknown}
 N - 2 potions of resistance


   Skills:
 + Level 14.4 Fighting
 - Level 8.0 Short Blades
 - Level 0.7 Throwing
 + Level 14.7 Dodging
 - Level 8.0 Stealth
 + Level 15.4 Spellcasting


You couldn't memorise any spells.
You knew the following spells:

 Your Spells              Type           Power      Damage    Failure   Level
a - Lesser Beckoning      Tloc           37%        N/A       0%          3
b - Searing Ray           Conj           100%       3d7       0%          2
c - Invisibility          Hex            37%        N/A       1%          6
d - Olgreb's Toxic Radia  Pois           75%        N/A       1%          4
e - Eringya's Noxious Bo  Tmut/Pois      37%        N/A       1%          6
f - Apportation           Tloc           100%       N/A       0%          1
g - Blink                 Tloc           N/A        N/A       0%          2
h - Spider Form           Tmut/Pois      37%        N/A       0%          3
i - Gell's Gravitas       Tloc           37%        N/A       0%          3
j - Agony                 Necr           75%        N/A       1%          5
k - Summon Forest         Summ/Tloc      37%        N/A       1%          5
l - Teleport Other        Tloc           75%        N/A       0%          3
m - Manifold Assault      Tloc           75%        N/A       1%          5
Your spell library was empty.

Dungeon Overview and Level Annotations

Branches:
Dungeon (15/15)            Temple (1/1) D:5            Lair (6/6) D:11
 Shoals (0/4) Lair:3        Snake (0/4) Lair:3        Slime (0/5) Lair:6
    Orc (2/2) D:12            Elf (3/3) Orc:2        Vaults (0/5) D:14
 Depths (0/5) D:15          Sewer (visited)           IceCv (visited)
Volcano (visited)

Altars:
Ashenzari
Cheibriados
Dithmenos
Elyvilon
Fedhas
Gozag
Hepliaklqana
Kikubaaqudgha
Makhleb
Nemelex Xobeh
Okawaru
Qazlal
Ru
Sif Muna
Uskayaw
Wu Jian
Xom
Yredelemnul
Zin
The Shining One

Shops:
D:3 =   D:8 *!   D:15 *   Orc:1 :   Orc:2 (!**   Elf:3 (!

Portals:
Abyss: D:11

Annotations:
D:6 2 transporters
D:8 3 runed translucent doors, garrulousMonolith's ghost, novice DsFi
D:11 2 transporters, Sin92's ghost, journeyman DsFi


Innate Abilities, Weirdness & Mutations

You cannot drink.
You are immune to sickness and miasma.
You are immune to poison.
Your flesh is very heat resistant. (rF++)
Potions cannot restore your health.
You are vulnerable to cold. (rC-)
You sometimes lose the ability to drink potions when taking damage.
You are missing a hand.
You cannot train Armour skill.
You float through the air rather than walking.
You learn spells naturally, not from books.
Your magical power is your life essence.
You have superior vitality. (+4 HP)
You are strong-willed. (Will+)


Message History

The deep elf blademaster barely misses you.
The deep elf blademaster hits you with a +0 short sword.
* * * LOW HITPOINT WARNING * * *
The deep elf death mage begins to cast a spell, but is stunned by your conviction!
The deep elf blademaster closely misses you.
The deep elf blademaster hits you with a +0 rapier.
* * * LOW HITPOINT WARNING * * *
The deep elf annihilator casts a spell.
The deep elf annihilator blinks!
You hit the deep elf death mage. You burn the deep elf death mage.
The deep elf death mage is heavily wounded.
The deep elf archer shouts!
You hear a shout! x2
The deep elf annihilator casts a spell.
The deep elf annihilator blinks!
A deep elf death mage comes into view. It is wielding a +0 rapier.
You puncture the deep elf death mage! You burn the deep elf death mage.
The deep elf death mage is severely wounded.
You radiate an aura of cold.
The deep elf blademaster seems to slow down. x2
The fire elemental seems to slow down.
The deep elf annihilator resists.
The deep elf death mage seems to slow down. x2
The deep elf demonologist resists.
The deep elf annihilator seems to slow down.
The deep elf elementalist seems to slow down.
The +2 flail of venom is unaffected.
The deep elf archer seems to slow down.
The deep elf death mage seems to slow down.
The deep elf blademaster is no longer moving slowly. x2
The deep elf blademaster hits you with a +0 short sword.
* * * LOW HITPOINT WARNING * * *
The deep elf blademaster hits you with a +0 short sword!
* * * LOW HITPOINT WARNING * * *
You hit the deep elf death mage. You burn the deep elf death mage.
The deep elf death mage is severely wounded.
The fire elemental completely misses you.
The deep elf demonologist casts a spell.
You hit the deep elf death mage. You burn the deep elf death mage.
The deep elf death mage is almost dead.
The deep elf death mage hits you with a +4 short sword!
You die...

..# ..# .......o....(... ..#
..e.....§.°°.... ..#
........☼°...... ..#
e....§.°........ ..#
.e.eE.§§○.§.e.. ..# #.e§eee§§e#
#'# #.#..EeeEe§§## ..#
#.ee§ee@e§§.# ..#
.....##e##§e...# ..# .e. #§#
#.... ..# e #.# #.. ..# #.# # ..#
#.# ..# #.#
..#############.#################
........#.......#.......#........


You could see 2 deep elf blademasters, a deep elf annihilator (empowered), 3
deep elf death magi, a deep elf elementalist (fast, empowered, repels missiles,
slow), 2 deep elf demonologists, a deep elf archer (wandering, empowered, repels
missiles, extremely poisoned, slow) and a fire elemental (slow).

Vanquished Creatures
  Jorgrun (Orc:1)
  Gastronok (Lair:2)
  A deep elf sorcerer (Elf:1)
  A deep elf elementalist (Elf:3)
  A stone giant (D:15)
  Azrael (Orc:2)
  A deep elf annihilator (Elf:3)
  A deep elf high priest (Elf:3)
  Harold (D:11)
  8 hydras
  3 boulder beetles
  A vault guard (D:14)
  4 ogre magi (Orc:2)
  A catoblepas (Lair:6)
  A death knight (D:14)
  22 two-headed ogres
  22 dancing weapons
  Erica (D:9)
  4 centaur warriors
  A deep troll shaman (Lair:6)
  A tengu warrior (D:14)
  14 death yaks
  2 orc high priests
  Sonja (Lair:2)
  Urug (Lair:4)
  9 deep elf knights
  A lindwurm (Lair:2)
  5 wizards
  Pikel (D:4)
  9 deep elf zephyrmancers
  A phantasmal warrior (D:13)
  An orange crystal statue (Elf:3)
  An orc knight (Orc:1)
  4 cyclopes
  14 deep elf pyromancers
  9 ugly things
  4 manticores
  5 toenail golems (Volcano)
  2 orc sorcerers
  8 black mambas
  11 elephants
  2 torpor snails
  A gargoyle (D:11)
  11 cane toads
  An unseen horror (D:10)
  3 rime drakes
  3 freezing wraiths
  8 komodo dragons
  2 ice devils (Lair:3)
  A tengu conjurer (Elf:1)
  5 trolls
  3 meliai (D:15)
  A hornet (D:8)
  A wind drake (Lair:3)
  11 dream sheep
  14 slime creatures
  12 blink frogs
  A centaur simulacrum (D:13)
  Sigmund (D:3)
  5 shadows
  A vampire (D:10)
  7 wyverns
  3 water elementals
  6 fire elementals
  9 basilisks
  2 wraiths
  Eustachio (D:5)
  43 yaks
  A yak (shapeshifter) (Elf:3)
  A golden eye (shapeshifter) (Elf:2)
  A steam dragon (D:6)
  10 humans (D:14)
  4 vampire mosquitoes (D:13)
  A harpy simulacrum (IceCv)
  A naga (Lair:3)
  3 wargs
  A hell hound (Orc:2)
  17 water moccasins
  6 acid dragons
  A meliai simulacrum (D:13)
  7 black bears
  A sky beast (D:7)
  A black bear (shapeshifter) (D:13)
  17 orc warriors
  A boggart (Elf:1)
  24 ogres
  7 centaurs
  3 lemures
  20 wolves
  5 kobold brigands
  A wyvern zombie (D:9)
  14 bullfrogs
  2 earth elementals
  2 scorpions
  A cane toad simulacrum (IceCv)
  9 killer bees
  4 wights (D:10)
  An electric eel (Elf:3)
  3 howler monkeys
  A bullfrog zombie (D:7)
  2 centaur zombies
  A bullfrog skeleton (D:3)
  3 hounds
  A centaur skeleton (D:5)
  8 orc priests
  3 jellies
  2 iguanas
  A scorpion zombie (D:5)
  21 orc wizards
  A polar bear simulacrum (IceCv)
  A killer bee zombie (D:9)
  A wolf simulacrum (IceCv)
  11 gnolls
  10 adders
  5 river rats
  A shadow imp (D:7)
  A white imp (D:8)
  An ufetubus (D:7)
  4 worms
  43 orcs
  7 ball pythons
  5 bats
  12 endoplasms
  2 giant cockroaches
  6 hobgoblins
  5 jackals
  15 kobolds
  2 quokkas
  2 frilled lizards
  8 goblins
  7 rats
702 creatures vanquished.

Vanquished Creatures (collateral kills)
  Frances (D:14)
  A two-headed ogre (Orc:2)
  4 dancing weapons (Elf:2)
  A death knight (D:13)
  A deep elf pyromancer (Elf:2)
  A gargoyle (D:12)
  3 freezing wraiths
  An air elemental (Elf:1)
  A water elemental (Elf:1)
  A basilisk (Lair:3)
  A warg (Orc:1)
  A naga (Lair:3)
  An orc wizard (Orc:2)
  3 orcs (Orc:2)
21 creatures vanquished.

Vanquished Creatures (others)
  A deep elf annihilator (Elf:1)
  A deep elf high priest (Elf:3)
  4 deep elf knights
  5 deep elf archers (Elf:1)
  A phantasmal warrior (D:14)
  A wizard (Volcano)
  2 deep elf pyromancers (Elf:1)
  6 deep elf zephyrmancers
  A cyclops (D:15)
  Maurice (D:8)
  A troll (Orc:2)
  A slime creature (Lair:6)
  A spriggan (shapeshifter) (D:14)
  A human (D:14)
  2 orc warriors
  4 centaurs (D:14)
  An orc (D:4)
  51 fungi
  99 plants
  A snaplasher vine (D:13)
  5 withered plants (D:3)
190 creatures vanquished.

Grand Total: 913 creatures vanquished

Notes
Turn   | Place    | Note
-------+----------+-------------------------------------------
     0 | D:1      | freelancePsychic the Djinni Warper began the quest for the
                  | Orb.
     0 | D:1      | Reached XP level 1. HP: 18/18 MP: 0/0
   134 | D:1      | Reached XP level 2. HP: 23/23 MP: 0/0
   670 | D:1      | Reached XP level 3. HP: 21/29 MP: 0/0
   670 | D:1      | Learned a level 1 spell: Apportation
  1091 | D:2      | Reached skill level 1 in Shields
  1091 | D:2      | Reached XP level 4. HP: 22/34 MP: 0/0
  2475 | D:2      | You are sucked into a shaft and drop 1 floor!
  2503 | D:2      | Reached XP level 5. HP: 37/40 MP: 0/0
  2503 | D:2      | Learned a level 2 spell: Searing Ray
  2521 | D:3      | Found Lysaxuf's Jewellery Shoppe.
  2809 | D:3      | Reached skill level 3 in Spellcasting
  3481 | D:3      | Reached XP level 6. HP: 27/46 MP: 0/0
  3680 | D:3      | Found a faded altar of an unknown god.
  3754 | D:3      | Noticed Sigmund
  4074 | D:4      | Noticed a black bear
  4080 | D:4      | Killed a black bear
  4269 | D:4      | Found an ornate altar of the Wu Jian Council.
  4354 | D:4      | Reached XP level 7. HP: 44/51 MP: 0/0
  4354 | D:4      | Learned a level 3 spell: Spider Form
  4396 | D:4      | Identified the +7 mace of the Ageless Lives {freeze, Fly
                  | rC+ Str-3}
  4423 | D:5      | Entered Level 5 of the Dungeon
  5013 | D:4      | Found a stormy altar of Qazlal.
  5112 | D:4      | Identified the +7 hand axe of the Skies Above {freeze,
                  | rC+++ Dex+4}
  5344 | D:5      | Reached skill level 4 in Spellcasting
  5622 | D:5      | Found a sacrificial altar of Ru.
  5662 | D:5      | Became a worshipper of Ru the Awakened
  5775 | D:5      | Noticed Pikel
  6886 | D:3      | Killed Sigmund
  6887 | D:3      | Reached XP level 8. HP: 53/58 MP: 0/0
  7241 | D:4      | Found an ornate altar of the Wu Jian Council.
  7330 | D:4      | Found a stormy altar of Qazlal.
  7650 | D:4      | Killed Pikel
  7651 | D:4      | Reached skill level 5 in Fighting
  7651 | D:4      | Reached skill level 5 in Spellcasting
  7796 | D:5      | Found a staircase to the Ecumenical Temple.
  7801 | Temple   | Entered the Ecumenical Temple
  8101 | D:5      | Noticed Eustachio
  8118 | D:5      | Killed Eustachio
  8119 | D:5      | Reached skill level 6 in Spellcasting
  8119 | D:5      | Reached XP level 9. HP: 46/66 MP: 0/0
  8119 | D:5      | Learned a level 4 spell: Olgreb's Toxic Radiance
  8693 | D:6      | Found a snail-covered altar of Cheibriados.
  8714 | D:6      | Identified the +11 dagger "Ebumar" {speed, MP+9}
  8720 | D:6      | Identified the +2 robe of the King of the Hill {rElec rF+
                  | Int+4}
  8737 | D:6      | Found a glowing drain.
  8753 | Sewer    | Entered a sewer
  9115 | Sewer    | Gained mutation: You are missing a hand. [Ru sacrifice]
  9115 | Sewer    | Reached * piety under Ru
  9115 | Sewer    | Reached ** piety under Ru
  9785 | D:6      | Noticed a kobold demonologist
  9788 | D:6      | Found a transporter.
  9789 | D:6      | Found a transporter.
  9953 | D:6      | Reached skill level 7 in Spellcasting
 10104 | D:6      | Identified a scroll of acquirement
 10105 | D:6      | Acquired the ring "Sousk" {Drain Str+6 Int+6 Dex+2 Stlth+}
 10336 | D:6      | Noticed a deep elf zephyrmancer
 10340 | D:6      | Killed a deep elf zephyrmancer
 10341 | D:6      | Reached skill level 5 in Dodging
 10341 | D:6      | Reached XP level 10. HP: 60/75 MP: 0/0
 11475 | D:8      | Reached skill level 8 in Spellcasting
 11584 | D:8      | Found Axtoilics's Distillery.
 11813 | D:8      | Found Hicall's Assorted Antiques.
 11820 | D:8      | Found a hazy altar of Hepliaklqana.
 11834 | D:8      | Identified the +1 leather armour of Inquiry {rF+}
 12023 | D:8      | Noticed Maurice
 12030 | D:8      | Killed Maurice
 12178 | D:8      | Found a runed translucent gate.
 12179 | D:8      | Found a runed translucent gate.
 12179 | D:8      | Found a runed translucent gate.
 12180 | D:8      | Noticed garrulousMonolith's ghost (novice DsFi)
 12432 | D:9      | Gained mutation: Potions are less effective at restoring
                  | your health. [Ru sacrifice]
 12432 | D:9      | Reached *** piety under Ru
 12544 | D:9      | Noticed a two-headed ogre
 12553 | D:9      | Killed a two-headed ogre
 12554 | D:9      | Reached skill level 9 in Spellcasting
 12554 | D:9      | Reached XP level 11. HP: 63/82 MP: 0/0
 12554 | D:9      | Learned a level 5 spell: Agony
 13887 | D:3      | Bought an amulet of regeneration for 420 gold pieces
 14387 | D:9      | Noticed Erica
 14397 | D:9      | Killed Erica
 14638 | D:10     | Entered Level 10 of the Dungeon
 14739 | D:10     | Acquired 955 gold pieces
 14999 | D:10     | Reached skill level 10 in Spellcasting
 15037 | D:10     | Found a sparkling altar of Nemelex Xobeh.
 15037 | D:10     | Found a shadowy altar of Dithmenos.
 15098 | D:10     | Noticed a two-headed ogre
 15121 | D:10     | Killed a two-headed ogre
 15369 | D:11     | Noticed a five-headed hydra
 15376 | D:11     | Killed a five-headed hydra
 15377 | D:11     | Reached XP level 12. HP: 43/90 MP: 0/0
 15492 | D:11     | Gained mutation: Potions cannot restore your health. [Ru
                  | sacrifice]
 15492 | D:11     | Reached **** piety under Ru
 15539 | D:11     | Reached skill level 10 in Fighting
 15549 | D:11     | Found a staircase to the Lair.
 15629 | D:11     | Found a transporter.
 15649 | D:11     | Found a one-way gate to the infinite horrors of the Abyss.
 15649 | D:11     | Noticed Sin92's ghost (journeyman DsFi)
 15656 | D:11     | Found a transporter.
 15656 | D:11     | Noticed Harold
 15677 | D:11     | Killed Harold
 15950 | D:12     | Noticed a centaur warrior
 15961 | D:12     | Killed a centaur warrior
 15962 | D:12     | Reached skill level 11 in Spellcasting
 16078 | D:12     | Found a staircase to the Orcish Mines.
 16084 | D:12     | Noticed a boulder beetle
 16087 | Orc:1    | Entered Level 1 of the Orcish Mines
 16087 | Orc:1    | Noticed Jorgrun
 16104 | Orc:1    | Killed Jorgrun
 16105 | Orc:1    | Reached skill level 10 in Dodging
 16264 | Orc:1    | Reached XP level 13. HP: 63/97 MP: 0/0
 16264 | Orc:1    | Learned a level 5 spell: Summon Forest
 16394 | Orc:1    | Found Citaaror's Book Boutique.
 16616 | Orc:2    | Entered Level 2 of the Orcish Mines
 16667 | Orc:2    | Noticed an ogre mage
 16668 | Orc:2    | Noticed an ogre mage
 16741 | Orc:1    | Reached skill level 12 in Spellcasting
 16764 | Orc:2    | Noticed an ogre mage
 16776 | Orc:2    | Killed an ogre mage
 16778 | Orc:2    | Noticed an orc warlord
 16799 | Orc:2    | Found Kochego's General Store.
 16799 | Orc:2    | Found Suohil's Distillery.
 16799 | Orc:2    | Found Yffekkuu's General Store.
 16799 | Orc:2    | Found Yraaloan's Antique Weapon Emporium.
 16799 | Orc:2    | Noticed an ogre mage
 16809 | Orc:2    | Noticed Azrael
 16922 | D:12     | Killed a boulder beetle
 17497 | Lair:1   | Entered Level 1 of the Lair of Beasts
 17506 | Lair:1   | Gained mutation: You sometimes lose the ability to drink
                  | potions when taking damage. [Ru sacrifice]
 17506 | Lair:1   | Reached ***** piety under Ru
 17685 | Lair:1   | Reached XP level 14. HP: 106/106 MP: 0/0
 18328 | Lair:2   | Noticed Sonja
 18330 | Lair:2   | Killed Sonja
 18360 | Lair:2   | Noticed Gastronok
 18373 | Lair:2   | Killed Gastronok
 18463 | Lair:2   | Found a dark tunnel.
 18472 | Volcano  | Entered a volcano
 18508 | Volcano  | Reached skill level 13 in Spellcasting
 19062 | Lair:2   | Found a sacrificial altar of Ru.
 19499 | Lair:3   | Found a staircase to the Snake Pit.
 19561 | Lair:3   | Gained mutation: You cannot train Armour skill. [Ru
                  | sacrifice]
 19561 | Lair:3   | Reached ****** piety under Ru
 19627 | Lair:3   | Found a frozen archway.
 19663 | IceCv    | Entered an ice cave
 19663 | IceCv    | Found the +4 skin of Zhor {*Englaciate rC+++ SInv}
 19668 | IceCv    | Found a transporter.
 19674 | IceCv    | Found the ring of the Mage {Wiz Will++ Int+3}
 19676 | IceCv    | Found a transporter.
 20028 | Lair:3   | Reached XP level 15. HP: 98/112 MP: 0/0
 20028 | Lair:3   | Learned a level 6 spell: Invisibility
 20204 | Lair:3   | Found a staircase to the Shoals.
 20733 | Lair:4   | Noticed Urug
 20747 | Lair:4   | Killed Urug
 20748 | Lair:4   | Reached skill level 1 in Stealth
 21882 | Lair:4   | Reached skill level 5 in Short Blades
 22185 | Lair:5   | Reached skill level 5 in Stealth
 22656 | Lair:6   | Entered Level 6 of the Lair of Beasts
 22890 | Lair:6   | Acquired a manual of Short Blades
 23135 | Lair:6   | Found a staircase to the Slime Pits.
 23791 | Lair:6   | Reached XP level 16. HP: 87/112 MP: 0/0
 24634 | Orc:2    | Paralysed by an orc sorcerer for 5 turns
 24687 | Orc:2    | Reached skill level 14 in Spellcasting
 25133 | Orc:2    | Gained mutation: You are dopey. (Int -2) [mutagenic glow]
 25333 | Orc:2    | Killed Azrael
 25494 | Orc:2    | Bought the +1 cloak "Nulinneddiu" {rN+ Will+ Dex+4} for 451
                  | gold pieces
 25523 | Orc:2    | Bought 2 scrolls of enchant armour for 165 gold pieces
 25645 | Orc:2    | Lost mutation: You are dopey. (Int -2) [potion of mutation]
 25645 | Orc:2    | Gained mutation: You are strong-willed. (Will+) [potion of
                  | mutation]
 25667 | Orc:2    | Found a staircase to the Elven Halls.
 26755 | D:14     | Found a gate to the Vaults.
 27082 | D:14     | Noticed Frances
 27094 | D:14     | Killed Frances
 27298 | D:15     | Entered Level 15 of the Dungeon
 27549 | D:15     | Found a staircase to the Depths.
 27565 | D:15     | Reached XP level 17. HP: 72/127 MP: 0/0
 27565 | D:15     | Learned a level 6 spell: Eringya's Noxious Bog
 27854 | D:15     | Found Zin's Purification Station.
 27860 | D:15     | Found a glowing silver altar of Zin.
 28196 | Elf:1    | Entered Level 1 of the Elven Halls
 28396 | Elf:1    | You are sucked into a shaft and drop 1 floor!
 29131 | Elf:2    | Reached skill level 15 in Spellcasting
 29166 | Elf:2    | Identified the +1 robe of Circular Logic {Int+2 Dex+3}
 29368 | Elf:1    | Paralysed by an air elemental for 1 turns
 30608 | Elf:2    | Found a huge runed translucent gate.
 30608 | Elf:2    | Found a huge runed translucent gate.
 30609 | Elf:2    | Found a huge runed translucent gate.
 30611 | Elf:2    | Found a huge runed translucent gate.
 30611 | Elf:2    | Found a huge runed translucent gate.
 31392 | Elf:3    | Entered Level 3 of the Elven Halls
 31579 | Elf:3    | Found Eceopapn's Distillery.
 31587 | Elf:3    | Bought a potion of resistance for 130 gold pieces
 31587 | Elf:3    | Bought a potion of cancellation for 104 gold pieces
 31636 | Elf:3    | Found Paveucw's Antique Weapon Boutique.
 31869 | Elf:3    | Noticed a deep elf blademaster
 31869 | Elf:3    | Noticed a deep elf blademaster
 31892 | Elf:3    | Slain by a deep elf death mage

Illustrated notes

Levels and vault maps discovered:
D:1:      amcnicky_arrival_underground_garden, layout_basic, serial_bayou_pond_a
D:2:      minmay_general_purpose_star, layout_rooms
D:3:      layout_rooms, shapermc_ecumenical_altar_flowoftime, serial_shops,
          nicolae_shop_statue_plus, uniq_sigmund
D:4:      layout_loops_ring, nicolae_qazlal_scattered_showers,
          mainiacjoe_overflow_alcove_4, lemuel_doored_altar
D:5:      layout_gridville, jmf_multi_god_temple, temple_doors_e, uniq_pikel,
          uniq_eustachio
D:6:      gammafunk_wand_slinger, layout_basic, slow_altar_1,
          cheibrodos_sewer_entry_sluice, guppyfry_early_elven_hall
D:7:      layout_basic
D:8:      layout_rooms, nicolae_hepliaklqana_hazy_memory,
          gammafunk_ghost_nasty_kobolds, serial_shops, shop, shop_fountains,
          uniq_maurice
D:9:      minmay_recursive_quarters, layout_basic, uniq_erica
D:10:     layout_irregular_city, minitemple, nrook_campfire
D:11:     layout_rooms, david_lair_generic, gammafunk_ghost_abyssal_escape,
          st_stairs_1, uniq_harold
D:12:     layout_basic, orc_0_dummy
D:13:     layout_roguey
D:14:     layout_long_grid, ximxim_vaults_locker_room, palyth_stone_intersect,
          lemuel_nasty_fountain, uniq_frances
D:15:     grunt_enter_depths_giant_problem, layout_cave_pods,
          serial_bayou_ford_a, zin_purify
Temple:   nicolae_temple_figure_eight
Lair:1:   layout_regular_city, grunt_megastairs_5, infiniplex_staircase_pool_2
Lair:2:   layout_small_grid, enter_volcano_1, gauntlet_entry_generic,
          basic_altar, infiniplex_staircase_pool, lemuel_fruit_tree,
          uniq_gastronok, uniq_sonja
Lair:3:   layout_regular_city, minmay_shoals_entry_beasts,
          guppyfry_snake_entry_island, portal_ice_cave_demonic_guard,
          grunt_megastairs_1
Lair:4:   layout_roguey, eino_small_chamber_without_monster,
          grunt_forest_large_clearing_hut, uniq_urug
Lair:5:   layout_roguey
Lair:6:   grunt_lair_end_beastmaster, layout_loops_ring,
          minmay_slime_entry_pillars, serial_forest,
          infiniplex_forest_straight_4, infiniplex_forest_zigzag_1,
          infiniplex_forest_lined_2, infiniplex_forest_lined_2,
          infiniplex_forest_straight_2, infiniplex_forest_zigzag_1,
          infiniplex_forest_clump_tiny
Orc:1:    layout_caves, serial_shops, nicolae_shop_waterfront, uniq_jorgrun
Orc:2:    st_orc_ogre_mass, layout_caves, guppyfry_library_mini, uniq_azrael
Elf:1:    layout_loops_ring, hangedman_elf_disciples
Elf:2:    layout_onion_city, lemuel_elevator
Elf:3:    elf_hall, layout_geoelf_castle, serial_shops, shop,
          nicolae_shop_waterfront, nicolae_shop_competitors_out_of_business,
          shop, nicolae_shop_behind_doors, minivault_16, drop_trap

Skill      XL: |  1  2  3  4  5  6  7  8  9 10 11 12 13 14 15 16 17 |
---------------+----------------------------------------------------+-----
Short Blades   | 2 8 |  8.0
Shields        | 1 2 3 4 0 |  0.0
Fighting       | 3 4 5 7 8 9 10 11 12 13 14 | 14.4
Spellcasting   | 3 4 6 7 9 10 11 12 13 14 15 | 15.4
Dodging        | 5 7 8 10 11 12 13 14 | 14.7
Armour         | 0 |  0.0
Stealth        | 6 8 |  8.0
Throwing       | |  0.7

Action                   |  1- 3 |  4- 6 |  7- 9 | 10-12 | 13-15 | 16-18 || total
-------------------------+-------+-------+-------+-------+-------+-------++-------
Melee: Short sword       |   113 |   122 |       |       |       |       ||   235
       Mace              |       |       |     4 |       |       |       ||     4
       Hand axe          |       |       |     5 |    20 |    29 |       ||    54
       Quick blade       |       |       |       |       |   571 |   816 ||  1387
Throw: Boomerang         |       |     3 |       |       |       |       ||     3
 Cast: Blink             |       |     1 |       |       |     3 |       ||     4
       Searing Ray       |       |    30 |    77 |    77 |   141 |    59 ||   384
       Teleport Other    |       |       |     4 |     1 |       |       ||     5
       Gell's Gravitas   |       |       |     3 |       |       |       ||     3
       Olgreb's Toxic Ra |       |       |     8 |    64 |    50 |    18 ||   140
       Agony             |       |       |       |     4 |     3 |       ||     7
       Summon Forest     |       |       |       |       |     7 |    12 ||    19
       Invisibility      |       |       |       |       |    13 |    25 ||    38
       Eringya's Noxious |       |       |       |       |       |    11 ||    11
       Lesser Beckoning  |       |       |       |       |       |     4 ||     4
       Manifold Assault  |       |       |       |       |       |     2 ||     2
       Spider Form       |       |       |       |       |       |     1 ||     1
Invok: Sacrifice a Hand  |       |       |     1 |       |       |       ||     1
       Sacrifice Purity  |       |       |       |     2 |       |       ||     2
       Draw Out Power    |       |       |       |     4 |     3 |     2 ||     9
       Sacrifice Drink   |       |       |       |       |     1 |       ||     1
       Apocalypse        |       |       |       |       |     7 |     3 ||    10
       Sacrifice Durabil |       |       |       |       |     1 |       ||     1
       Power Leap        |       |       |       |       |       |     1 ||     1
 Abil: End Transformatio |       |       |       |       |       |     1 ||     1
  Use: Scroll            |     1 |       |     3 |     6 |    13 |    10 ||    33
       Potion            |       |     1 |       |     1 |       |     2 ||     4
 Stab: Sleeping          |     1 |       |       |       |     8 |    33 ||    42
       Invisible         |       |       |       |       |    77 |   113 ||   190
       Distracted        |       |       |       |       |     3 |     6 ||     9
       Paralysed         |       |       |       |       |    12 |     3 ||    15
       Petrified         |       |       |       |       |       |     4 ||     4
Armor: Leather armour    |    26 |    25 |     9 |       |       |       ||    60
       Robe              |       |       |     4 |     9 |       |       ||    13
       Troll leather arm |       |       |       |    27 |    21 |       ||    48
       Animal skin       |       |       |       |       |    51 |    50 ||   101
Dodge: Dodged            |    72 |    60 |    47 |    79 |   462 |   326 ||  1046
Block: Other             |    17 |       |     4 |    15 |       |       ||    36
       Buckler           |    12 |    67 |    63 |       |       |       ||   142
       Reflection        |       |     1 |     3 |     3 |       |       ||     7

Table legend: (Time is in decaauts)
 A = Elapsed time spent in this place.
 B = Non-inter-level travel time spent in this place.
 C = Inter-level travel time spent in this place.
 D = Time resting spent in this place.
 E = Time spent auto-exploring this place.
 F = Levels seen in this place.
 G = Mean time per level.
                   A        B        C        D        E       F      G
               +--------+--------+--------+--------+--------+-----+--------+
         Total |  31098 |  29636 |   1462 |   4339 |  19414 |  30 | 1036.6 |
       Dungeon |  18081 |  17134 |    947 |   2432 |  12051 |  15 | 1205.4 |
        Temple |    185 |    176 |      9 |      0 |    176 |   1 |  185.0 |
          Lair |   6448 |   6181 |    267 |    370 |   4244 |   6 | 1074.7 |
  Orcish Mines |   2032 |   1915 |    117 |    492 |    839 |   2 | 1016.0 |
   Elven Halls |   3416 |   3295 |    121 |    867 |   1700 |   3 | 1138.7 |
         Sewer |    666 |    666 |      0 |    178 |    371 |   1 |  666.0 |
      Ice Cave |     91 |     91 |      0 |      0 |     33 |   1 |   91.0 |
       Volcano |    175 |    175 |      0 |      0 |      0 |   1 |  175.0 |
               +--------+--------+--------+--------+--------+-----+--------+

Top non-repeatable levels by time:
     D:4: 2826 daAuts
   Elf:2: 1885 daAuts
     D:9: 1858 daAuts
     D:2: 1803 daAuts
     D:5: 1658 daAuts
  Lair:6: 1555 daAuts
     D:1: 1456 daAuts
     D:6: 1147 daAuts
   Orc:1: 1146 daAuts
  Lair:4: 1113 daAuts
     D:7: 1093 daAuts
   Elf:1: 1083 daAuts
  Lair:3: 1070 daAuts
     D:3: 1066 daAuts
  Lair:2: 1010 daAuts
